[Event "Titled Tuesday Blitz August 22 Early 2023"]
[White "Boarish_Male"]
[Black "Miszler, Levente"]
[BlackFideId "763276"]
[WhiteElo "2606"]
[BlackElo "2514"]
[Result "1-0"]
[Round "11"]
[TimeControl "180+1"]
[Date "2023.08.22"]
[WhiteClock "0:00:34"]
[BlackClock "0:02:16"]
[Board "71"]

1. e4 e6 2. d4 d5 3. Nd2 Nf6 4. e5 Nfd7 5. c3 f6 6. exf6 Nxf6 7. Bd3 c5 8. Ngf3 Nc6 9. O-O Bd6 10. Re1 O-O 11. Nf1 Qc7 12. h3 e5 13. dxe5 Nxe5 14. Nxe5 Bxe5 15. Ne3 Bd7 16. Nxd5 Nxd5 17. Bc4 Bh2+ 18. Kh1 Rxf2 19. Qxd5+ Kh8 20. Re7 Qg3 21. Rxd7 Raf8 22. Bg5 h6 23. Be7 R8f3 24. Qg8# 1-0


[Site "https://www.chess.com"]

[Event "Titled Tuesday Blitz August 22 Early 2023"]
[White "Tologon tegin, Semetei"]
[Black "Marn, Jan"]
[WhiteFideId "13800574"]
[BlackFideId "14619245"]
[WhiteElo "2606"]
[BlackElo "2502"]
[Result "0-1"]
[Round "11"]
[TimeControl "180+1"]
[Date "2023.08.22"]
[WhiteClock "0:00:00"]
[BlackClock "0:00:03"]
[Board "72"]

1. e4 e5 2. Nf3 Nc6 3. Bb5 a6 4. Ba4 b5 5. Bb3 Na5 6. Bxf7+ Kxf7 7. Nxe5+ Ke7 8. Qh5 Qe8 9. Qh4+ Nf6 10. d4 d6 11. Nf3 Kd8 12. e5 Be7 13. O-O Ng4 14. Qg3 Qg6 15. Nc3 Bb7 16. exd6 Bxd6 17. Bg5+ Qxg5 18. Nxg5 Bxg3 19. hxg3 Kd7 20. f3 Ne3 21. Rf2 h6 22. Nf7 Rhe8 23. Ne5+ Kd6 24. b3 Nd5 25. Ne4+ Ke7 26. Re1 Kf8 27. Nc5 Bc8 28. Rfe2 Nf6 29. b4 Nc4 30. Ng6+ Kf7 31. Ne5+ Kg8 32. Nxc4 Rxe2 33. Rxe2 bxc4 34. Re7 Nd5 35. Re8+ Kf7 36. Rd8 Nb6 37. c3 a5 38. a3 axb4 39. axb4 Bf5 40. Rxa8 Nxa8 41. g4 Bc2 42. Kf2 Nb6 43. Ke3 Nd5+ 44. Kd2 Bb1 45. g3 c6 46. Nd7 Ke6 47. Ne5 Nb6 48. Nxc6 Bd3 49. Ne5 Bf1 50. Ng6 Nd5 51. Ne5 Kd6 52. Nf7+ Kc6 53. Nd8+ Kb5 54. Ne6 g5 55. Nc5 Bg2 56. Ne4 Bxf3 57. Nd6+ Ka4 58. Nxc4 Bxg4 59. Ne5 Bc8 60. Kd3 Bf5+ 61. Kc4 Ne3+ 62. Kc5 Nf1 63. b5 Nxg3 64. b6 Ne4+ 65. Kc6 Nxc3 66. Kc7 Nd5+ 67. Kc6 Nxb6 68. Kxb6 g4 69. Kc5 g3 70. Nf3 Be4 71. Ng1 h5 72. d5 h4 73. Kd4 Bf5 74. Ke5 h3 75. Kxf5 h2 0-1


[Site "https://www.chess.com"]

[Event "Titled Tuesday Blitz August 22 Early 2023"]
[White "Czopor, Maciej"]
[Black "Baches Garcia, Guillermo"]
[WhiteFideId "21805431"]
[BlackFideId "2209764"]
[WhiteElo "2603"]
[BlackElo "2439"]
[Result "1-0"]
[Round "11"]
[TimeControl "180+1"]
[Date "2023.08.22"]
[WhiteClock "0:02:54"]
[BlackClock "0:00:00"]
[Board "73"]

1. d4 Nf6 2. c4 e6 3. g4 Nxg4 4. e4 Nf6 5. e5 Ng8 6. Nc3 d5 7. Qe2 Bb4 8. Nf3 Ne7 9. Rg1 Nf5 10. Bh3 Ne7 11. Rxg7 Ng6 12. Ng5 1-0


[Site "https://www.chess.com"]

[Event "Titled Tuesday Blitz August 22 Early 2023"]
[White "Ibadov, Dashgyn"]
[Black "Buchenau, Frank"]
[WhiteFideId "24107514"]
[BlackFideId "4604350"]
[WhiteElo "2591"]
[BlackElo "2437"]
[Result "1-0"]
[Round "11"]
[TimeControl "180+1"]
[Date "2023.08.22"]
[WhiteClock "0:01:47"]
[BlackClock "0:01:42"]
[Board "74"]

1. e4 e6 2. d4 d5 3. Nc3 Nf6 4. e5 Nfd7 5. Nce2 c5 6. c3 Nc6 7. Nf3 Be7 8. a3 Qa5 9. Ra2 cxd4 10. b4 Qc7 11. cxd4 b5 12. Nf4 Nb6 13. Bxb5 Bd7 14. O-O O-O 15. Rc2 Qb7 16. Bd3 a5 17. b5 Na7 18. Qe2 Rac8 19. Be3 Bxa3 20. Bxh7+ Kxh7 21. Ng5+ Kg8 22. Qh5 Rfe8 23. Qxf7+ Kh8 24. Ng6# 1-0


[Site "https://www.chess.com"]

[Event "Titled Tuesday Blitz August 22 Early 2023"]
[White "laimis61"]
[Black "Rosen, Eric"]
[BlackFideId "2032562"]
[WhiteElo "2316"]
[BlackElo "2588"]
[Result "1-0"]
[Round "11"]
[TimeControl "180+1"]
[Date "2023.08.22"]
[WhiteClock "0:00:25"]
[BlackClock "0:00:00"]
[Board "75"]

1. e4 e5 2. Nf3 Nf6 3. d4 Nxe4 4. Bd3 Nc6 5. Nxe5 Nxe5 6. dxe5 Nc5 7. Bc4 d6 8. exd6 Bxd6 9. O-O Qh4 10. Qe2+ Be6 11. Bb5+ c6 12. g3 Qh3 13. Bc4 O-O-O 14. Bxe6+ Nxe6 15. Nc3 Nd4 16. Qd3 Bc5 17. Ne4 Be7 18. Bf4 f5 19. Nd6+ Bxd6 20. Qxd4 Bxf4 21. Qxf4 h6 22. Rfe1 g5 23. Qa4 f4 24. Qxa7 f3 25. Qa8+ Kc7 26. Qa5+ Kb8 27. Qe5+ Ka7 28. Qa5+ Kb8 29. Qe5+ Kc8 30. Qe6+ Qxe6 31. Rxe6 Rd2 32. Rf6 g4 33. Re1 Rxc2 34. h3 h5 35. Rf4 Rg8 36. Re7 Rxb2 37. Rh7 Rb1+ 38. Kh2 Rf1 39. hxg4 Rxf2+ 40. Kh3 hxg4+ 41. Rxg4 Rxg4 42. Kxg4 Rxa2 43. Rf7 Ra3 44. Kh4 Kb8 45. g4 Ka7 46. g5 Kb6 47. g6 Ra8 48. g7 Rg8 49. Kg5 Kc5 50. Kg6 b5 51. Rxf3 Kc4 52. Kf7 1-0


[Site "https://www.chess.com"]

[Event "Titled Tuesday Blitz August 22 Early 2023"]
[White "Blanco Ronquillo, Humberto L."]
[Black "Dwilewicz, Katarzyna"]
[WhiteFideId "3504239"]
[BlackFideId "1148486"]
[WhiteElo "2691"]
[BlackElo "2432"]
[Result "1-0"]
[Round "11"]
[TimeControl "180+1"]
[Date "2023.08.22"]
[WhiteClock "0:00:06"]
[BlackClock "0:00:00"]
[Board "76"]

1. e4 c5 2. Nf3 d6 3. Bb5+ Bd7 4. Bxd7+ Qxd7 5. c4 Nc6 6. d4 cxd4 7. Nxd4 Nf6 8. Nc3 g6 9. f3 Bg7 10. Be3 O-O 11. Rc1 Rac8 12. b3 Rfd8 13. O-O e6 14. Nxc6 bxc6 15. Qe2 Qb7 16. Rfd1 a6 17. c5 d5 18. e5 Nd7 19. Bd4 Qb8 20. f4 Re8 21. g3 f6 22. exf6 Nxf6 23. Re1 Kf7 24. Kh1 Qb7 25. Qd3 a5 26. Re2 Re7 27. Rce1 Rce8 28. Kg2 Qc8 29. h3 h5 30. Be5 Nd7 31. Bxg7 Kxg7 32. Nb1 Kf7 33. Qc2 Qb8 34. Nd2 Qb5 35. Nf3 Kg7 36. Nh4 Nf8 37. Re5 Rf7 38. Rg5 Rf6 39. f5 e5 40. fxg6 e4 41. Nf5+ Rxf5 42. Rxf5 Nxg6 43. Qc3+ Kh6 44. Qf6 Qd3 45. Qg5+ Kg7 46. Rf6 e3 47. Kg1 e2 48. Rxc6 Qd4+ 49. Kg2 Qe4+ 50. Kh2 Rf8 51. Rxg6+ Qxg6 52. Qxg6+ Kxg6 53. Rxe2 Rc8 54. Rc2 Rc6 55. a3 Kf5 56. b4 axb4 57. axb4 Ke4 58. b5 Rc8 59. c6 d4 60. c7 d3 61. Rc6 Kd5 62. Rc1 d2 63. Rd1 Rxc7 64. Rxd2+ Ke4 65. h4 Rb7 66. Rb2 Kf3 67. b6 Ke4 68. Rb5 1-0


[Site "https://www.chess.com"]

[Event "Titled Tuesday Blitz August 22 Early 2023"]
[White "Hoang, Thi Bao Tram"]
[Black "Gavilan Diaz, Mario"]
[WhiteFideId "12401102"]
[BlackFideId "2260905"]
[WhiteElo "2672"]
[BlackElo "2490"]
[Result "1-0"]
[Round "11"]
[TimeControl "180+1"]
[Date "2023.08.22"]
[WhiteClock "0:00:13"]
[BlackClock "0:00:13"]
[Board "77"]

1. d4 Nf6 2. Nf3 b6 3. g3 Bb7 4. Bg2 c5 5. O-O cxd4 6. Qxd4 e6 7. c4 Be7 8. Nc3 O-O 9. b3 a6 10. Bb2 Nc6 11. Qd2 d6 12. Rad1 Qc7 13. Rfe1 Rfd8 14. e4 Rac8 15. h3 Qb8 16. Nh2 Qa8 17. Na4 Nd7 18. Ng4 b5 19. cxb5 axb5 20. Nc3 b4 21. Na4 Qa5 22. Ne3 Nc5 23. Nc4 Qa7 24. Ncb6 Rb8 25. Qe2 Nxa4 26. Nxa4 Ne5 27. Kh2 Ba6 28. Qd2 Nd3 29. Re3 Bg5 30. Rxd3 Bxd2 31. R3xd2 Bb5 32. Bd4 Qa6 33. Bc5 Bxa4 34. bxa4 Qxa4 35. Bxd6 Rbc8 36. e5 h6 37. h4 Rc2 38. Be4 Rxd2 39. Rxd2 g6 40. h5 b3 41. Bb1 bxa2 42. Bxa2 Qa5 43. Re2 Qa6 44. Rd2 Qa5 45. Re2 Qa6 46. Rc2 Qa4 47. Rb2 Qd4 48. Re2 Qd3 49. Re3 Qd1 50. hxg6 fxg6 51. Bxe6+ Kg7 52. Kg2 Rxd6 53. exd6 Qxd6 54. Bg4 Qc6+ 55. Bf3 Qd6 56. Rc3 h5 57. Rc6 Qe5 58. Rc4 Qe6 59. Re4 Qf6 60. Re3 Kh6 61. Rd3 Qe6 62. Re3 Qf6 63. Re8 Qf7 64. Re5 Qf6 65. Rc5 Qf7 66. Rc6 Qd7 67. Be4 Qg4 68. Rxg6+ Qxg6 69. Bxg6 Kxg6 70. Kh3 Kg5 71. f4+ Kg6 72. Kh4 Kf6 73. Kxh5 Kf5 74. Kh4 Kg6 75. g4 Kf6 76. f5 Kg7 77. Kg5 Kh7 78. Kf4 Kg7 79. g5 Kf7 80. Ke5 Kg7 81. g6 Kf8 82. Ke6 Kg8 83. Kf6 Kf8 84. Ke6 Kg8 85. f6 Kh8 86. Ke7 Kg8 87. f7+ Kh8 88. f8=Q# 1-0


[Site "https://www.chess.com"]

[Event "Titled Tuesday Blitz August 22 Early 2023"]
[White "Hirneise, Jens"]
[Black "Kleiman, Jake"]
[WhiteFideId "24614734"]
[BlackFideId "2020041"]
[WhiteElo "2487"]
[BlackElo "2663"]
[Result "1/2-1/2"]
[Round "11"]
[TimeControl "180+1"]
[Date "2023.08.22"]
[WhiteClock "0:00:15"]
[BlackClock "0:00:24"]
[Board "78"]

1. g3 d5 2. c4 e6 3. Bg2 Nf6 4. Nf3 dxc4 5. Qa4+ c6 6. Qxc4 b5 7. Qc2 Bb7 8. d4 a6 9. O-O Nbd7 10. Ne5 Rc8 11. Rd1 Qb6 12. Nxd7 Nxd7 13. Nc3 Be7 14. a4 O-O 15. Be3 Qc7 16. Ne4 c5 17. Nxc5 Bxg2 18. Kxg2 Nxc5 19. dxc5 Bxc5 20. Bxc5 Qxc5 21. Qxc5 Rxc5 22. Rd6 a5 23. axb5 Rxb5 24. Ra6 Rxb2 25. e3 g5 26. R6xa5 h6 27. R1a2 Rbb8 28. h3 Kg7 29. g4 Rfc8 30. Ra7 Rb5 31. Rd7 Kf6 32. Raa7 Rf8 33. Rab7 Ra5 34. Ra7 Rxa7 35. Rxa7 Rb8 36. Rc7 Rb3 37. Rc8 Rb4 38. Rh8 Kg7 39. Ra8 h5 40. Kg3 Rc4 41. Ra5 Kg6 42. Ra8 f6 43. Rh8 h4+ 44. Kg2 Rb4 45. Rg8+ Kf7 46. Ra8 Rb7 47. Ra6 Rb4 48. Rc6 Ra4 49. Rb6 Ke7 50. Rc6 Rb4 51. Ra6 Rc4 52. Rb6 Kf7 53. Ra6 Re4 54. Rb6 f5 55. gxf5 exf5 56. Ra6 Rb4 57. Rc6 Kg7 58. Ra6 g4 59. Rc6 Kf7 60. Rd6 Rb2 61. hxg4 fxg4 62. Rh6 g3 63. Rxh4 gxf2 64. Rf4+ Ke6 65. Rxf2 Rb3 66. Kf3 Ke5 67. Rg2 Rb4 68. Rg5+ Kf6 69. Rd5 Ra4 70. Rd4 Ra1 71. Ke4 Ra5 72. Rd6+ Ke7 73. Rd4 Rb5 74. Kf4 Rh5 75. e4 Ke6 76. Ra4 Rh4+ 77. Ke3 Rh1 78. Ra6+ Ke7 79. Ra5 Rh2 80. Kd4 Rh3 81. Kd5 Rh5+ 82. e5 Rh6 83. Ra7+ Ke8 84. e6 Rh1 85. Kd6 Rd1+ 86. Ke5 Re1+ 87. Kf5 Rf1+ 88. Kg6 Rf2 89. Rb7 Rf1 90. Rc7 Rf2 91. Ra7 Rf1 92. Kg5 Rf2 93. Ra5 Ke7 94. Ra6 Rf1 95. Kg4 Rf2 96. Rb6 Rf1 97. Kg3 Rf6 98. Kg2 Rxe6 99. Rxe6+ Kxe6 1/2-1/2


[Site "https://www.chess.com"]

[Event "Titled Tuesday Blitz August 22 Early 2023"]
[White "KrokerGuy"]
[Black "Hua, Lefong"]
[BlackFideId "2602253"]
[WhiteElo "2481"]
[BlackElo "2661"]
[Result "0-1"]
[Round "11"]
[TimeControl "180+1"]
[Date "2023.08.22"]
[WhiteClock "0:00:00"]
[BlackClock "0:00:17"]
[Board "79"]

1. e4 c5 2. Nf3 g6 3. d4 cxd4 4. Nxd4 Bg7 5. Nc3 Nc6 6. Be3 Nf6 7. Bc4 Qa5 8. O-O O-O 9. Bb3 d6 10. h3 Bd7 11. Re1 Rac8 12. Nd5 Nxd5 13. exd5 Nxd4 14. Bxd4 Bxd4 15. Qxd4 Rfe8 16. c3 Qc5 17. Qd2 b5 18. a4 a6 19. axb5 axb5 20. Re4 Bf5 21. Rh4 f6 22. Rb4 Kg7 23. Ra5 Rb8 24. Qe2 Bd7 25. Bc4 Qc7 26. Bxb5 Qxa5 27. Bxd7 Rbd8 28. Bxe8 Rxe8 29. Qb5 Qa1+ 30. Kh2 Kf7 31. Qd7 Qe1 32. f4 Qe3 33. Qa4 h5 34. Re4 Qd2 35. Qd4 Qxb2 36. Re6 Rc8 37. Qe4 Rc7 38. c4 Qc3 39. h4 f5 40. Qe2 Qc1 41. g3 Rb7 42. Qf2 Qxc4 43. Re2 Qxd5 44. Rd2 Qc5 45. Qxc5 dxc5 46. Rc2 Rc7 47. Kg2 c4 48. Kf3 Ke6 49. Ke3 c3 50. Ke2 Kd5 51. Kd1 Kd4 52. Kc1 Kd3 53. Rf2 Ra7 54. Rf3+ Kd4 55. Kc2 Ra2+ 56. Kb1 Rg2 57. Kc1 Kc4 58. Kb1 Kb3 0-1


[Site "https://www.chess.com"]

[Event "Titled Tuesday Blitz August 22 Early 2023"]
[White "Kavutskiy, Konstantin"]
[Black "Seletsky, Grigory"]
[WhiteFideId "2026384"]
[BlackFideId "14112191"]
[WhiteElo "2660"]
[BlackElo "2477"]
[Result "1-0"]
[Round "11"]
[TimeControl "180+1"]
[Date "2023.08.22"]
[WhiteClock "0:00:09"]
[BlackClock "0:00:00"]
[Board "80"]

1. e4 e6 2. d4 d5 3. Nd2 c5 4. Ngf3 cxd4 5. Nxd4 Nc6 6. Bb5 Bd7 7. Nxc6 Bxc6 8. Bxc6+ bxc6 9. O-O Nf6 10. Qe2 Be7 11. b3 O-O 12. Bb2 a5 13. a4 c5 14. Rad1 Qc7 15. c4 d4 16. e5 Nd7 17. f4 Rae8 18. Rf3 f6 19. exf6 Bxf6 20. Qd3 e5 21. Re1 exf4 22. Rxe8 Rxe8 23. Rh3 Nf8 24. Nf1 g5 25. Qf5 Qe5 26. Qd3 Qe2 27. Qf5 Bg7 28. Ba3 Qd1 29. Bxc5 Re1 30. Rf3 Ne6 31. Qd5 d3 32. Be3 Kf7 33. Qd7+ Kf6 34. Bd4+ Nxd4 35. Qxd4+ Kg6 36. Qxd3+ Qxd3 37. Rxd3 Kf5 38. Kf2 Rb1 39. Nd2 Ke6 40. h3 Rb2 41. Kf3 Bc3 42. Ne4 Be1 43. Nxg5+ Kf5 44. Rd5+ Kg6 45. Kxf4 Rxg2 46. Ne4 h6 47. Rd6+ Kg7 48. c5 Rb2 49. Rb6 Rc2 50. c6 Kg6 51. Ke5 Kh5 52. Nd6 Bg3+ 53. Ke6 Re2+ 54. Kd7 1-0


[Site "https://www.chess.com"]

[Event "Titled Tuesday Blitz August 22 Early 2023"]
[White "Rosh Jain"]
[Black "Eynullayev, Atilla"]
[WhiteFideId "25789465"]
[BlackFideId "13413570"]
[WhiteElo "2463"]
[BlackElo "2625"]
[Result "1-0"]
[Round "11"]
[TimeControl "180+1"]
[Date "2023.08.22"]
[WhiteClock "0:00:10"]
[BlackClock "0:00:41"]
[Board "81"]

1. e4 c5 2. Nf3 d6 3. d4 cxd4 4. Nxd4 Nf6 5. Nc3 a6 6. Bc4 e6 7. Bb3 Nbd7 8. O-O Nc5 9. Bg5 Be7 10. Re1 h6 11. Bh4 g5 12. Bg3 e5 13. Nf5 Ncxe4 14. Nxe4 Bxf5 15. Nxf6+ Bxf6 16. Qd5 O-O 17. Qxb7 h5 18. Qf3 Bg4 19. Qe4 Qd7 20. Qg6+ Bg7 21. Qxg5 Kh7 22. h3 Bh6 23. Qh4 Bf5 24. Qxh5 Bg6 25. Qf3 f5 26. Bh2 e4 27. Qd1 f4 28. Bd5 Rae8 29. Qg4 Bf5 30. Qh4 Kg6 31. Bxf4 Bg7 32. Qg5+ Kh7 33. Qh5+ Bh6 34. Qxh6# 1-0


[Site "https://www.chess.com"]

[Event "Titled Tuesday Blitz August 22 Early 2023"]
[White "Jakubowski, Krzysztof"]
[Black "Liu, Casper"]
[WhiteFideId "1112848"]
[BlackFideId "1454153"]
[WhiteElo "2625"]
[BlackElo "2461"]
[Result "1-0"]
[Round "11"]
[TimeControl "180+1"]
[Date "2023.08.22"]
[WhiteClock "0:01:50"]
[BlackClock "0:00:15"]
[Board "82"]

1. e4 c5 2. Nf3 d6 3. d4 Nf6 4. Nc3 cxd4 5. Nxd4 Nc6 6. Bg5 Bd7 7. Bxf6 gxf6 8. Nb3 Rc8 9. Be2 Ne5 10. O-O Rg8 11. Kh1 h5 12. Bxh5 Bg4 13. Bxg4 Nxg4 14. h3 Ne5 15. Nd2 Qa5 16. f4 Ng6 17. Nd5 Nh4 18. Rg1 Bg7 19. Nb3 Qa4 20. Qg4 e6 21. Nc3 f5 22. Qxh4 Rxc3 23. bxc3 Qxe4 24. Rae1 1-0


[Site "https://www.chess.com"]

[Event "Titled Tuesday Blitz August 22 Early 2023"]
[White "Shuvalova, Polina"]
[Black "Rietze, Clemens, Dr."]
[WhiteFideId "24171760"]
[BlackFideId "24620351"]
[WhiteElo "2618"]
[BlackElo "2458"]
[Result "1-0"]
[Round "11"]
[TimeControl "180+1"]
[Date "2023.08.22"]
[WhiteClock "0:01:12"]
[BlackClock "0:00:06"]
[Board "83"]

1. f4 Nf6 2. Nf3 g6 3. g3 Bg7 4. Bg2 O-O 5. O-O d6 6. d3 Nc6 7. e4 e5 8. Nc3 exf4 9. Bxf4 Nh5 10. Bg5 f6 11. Be3 Bg4 12. Qd2 f5 13. Ng5 fxe4 14. Bxe4 Nf6 15. Bg2 h6 16. h3 Bd7 17. Nge4 Kh7 18. Nxf6+ Rxf6 19. Nd5 Rf5 20. g4 Rxf1+ 21. Rxf1 Ne5 22. b3 c6 23. Nf4 Qe7 24. d4 Nf7 25. Qd3 Nh8 26. Be4 Be8 27. Nh5 d5 28. Bg2 Bf7 29. Nxg7 Kxg7 30. Qd2 g5 31. Bf2 Bg6 32. Bg3 Kh7 33. Be5 Nf7 34. Bg3 Re8 35. Kh2 Qe2 36. Rf2 Qxd2 37. Rxd2 Re3 38. c4 dxc4 39. bxc4 Be4 40. Bf2 Rd3 41. Bxe4+ 1-0


[Site "https://www.chess.com"]

[Event "Titled Tuesday Blitz August 22 Early 2023"]
[White "Vlassov, Nikolai"]
[Black "Sai Han Thiha"]
[WhiteFideId "4103360"]
[BlackFideId "13012290"]
[WhiteElo "2600"]
[BlackElo "2451"]
[Result "1-0"]
[Round "11"]
[TimeControl "180+1"]
[Date "2023.08.22"]
[WhiteClock "0:00:14"]
[BlackClock "0:00:00"]
[Board "84"]

1. e4 c6 2. d4 d5 3. f3 dxe4 4. fxe4 e5 5. Nf3 Bg4 6. Bc4 Nd7 7. c3 Bh5 8. O-O Ngf6 9. Qb3 b5 10. Bd3 Bd6 11. Bg5 Qc7 12. Nbd2 O-O 13. a4 a6 14. Nh4 exd4 15. cxd4 Bxh2+ 16. Kh1 Ng4 17. e5 c5 18. axb5 cxd4 19. e6 Nc5 20. exf7+ Rxf7 21. Qd5 Rf8 22. Bc4 Bg1 23. Ndf3 Kh8 24. Kxg1 Rxf3 25. Nxf3 Rxf3 26. Rxf3 Qh2+ 27. Kf1 Qh1+ 28. Ke2 Qxg2+ 29. Ke1 Qh1+ 30. Kd2 Qg2+ 31. Be2 h6 32. Rf8+ Kh7 33. Qxg2 1-0


[Site "https://www.chess.com"]

[Event "Titled Tuesday Blitz August 22 Early 2023"]
[White "Vivas Zamora, Fabian Ernesto"]
[Black "Ahmad, Khagan"]
[WhiteFideId "3902480"]
[BlackFideId "13431552"]
[WhiteElo "2441"]
[BlackElo "2596"]
[Result "0-1"]
[Round "11"]
[TimeControl "180+1"]
[Date "2023.08.22"]
[WhiteClock "0:00:05"]
[BlackClock "0:01:36"]
[Board "85"]

1. e4 c5 2. Nf3 d6 3. d4 cxd4 4. Nxd4 a6 5. c4 e5 6. Nc2 Nc6 7. Nc3 Be6 8. Ne3 Nf6 9. Ned5 Bxd5 10. exd5 Nd4 11. Bd3 g6 12. Be3 Bg7 13. O-O O-O 14. f4 Nd7 15. f5 Nc5 16. Bxd4 exd4 17. Ne4 Nxe4 18. Bxe4 Qg5 19. Rf3 Be5 20. Qd3 Rac8 21. Raf1 b5 22. cxb5 axb5 23. Qxb5 Qh4 24. Qd3 Bxh2+ 25. Kh1 Bg3+ 0-1


[Site "https://www.chess.com"]

[Event "Titled Tuesday Blitz August 22 Early 2023"]
[White "Erzhanov, Arman"]
[Black "Llanos, Guillermo"]
[WhiteFideId "4138821"]
[BlackFideId "100358"]
[WhiteElo "2588"]
[BlackElo "2435"]
[Result "0-1"]
[Round "11"]
[TimeControl "180+1"]
[Date "2023.08.22"]
[WhiteClock "0:00:20"]
[BlackClock "0:01:08"]
[Board "86"]

1. e4 Nf6 2. Nc3 d5 3. e5 Nfd7 4. d4 c5 5. e6 fxe6 6. Nf3 g6 7. dxc5 Bg7 8. h4 Nc6 9. h5 Qa5 10. hxg6 hxg6 11. Rxh8+ Bxh8 12. Bd2 Qxc5 13. Bd3 Nde5 14. Nxe5 Nxe5 15. Bb5+ Bd7 16. Bxd7+ Kxd7 17. Qe2 Rf8 18. Be3 Qc4 19. Bxa7 Qxe2+ 20. Kxe2 Nc4 21. Na4 Ra8 22. Nb6+ Nxb6 23. Bxb6 Bxb2 24. Rh1 Rxa2 25. Bc5 Bf6 26. Kd3 Kc6 27. Bb4 Rb2 28. Ba3 Ra2 29. Bb4 g5 30. g3 e5 31. Rh6 e4+ 32. Kd2 Kb5 33. Bc3 d4 34. Bxd4 Bxd4 35. Re6 Bxf2 36. Rxe4 Bxg3 37. Rxe7 Bf4+ 38. Kd3 Ra4 39. Rxb7+ Kc6 40. Rg7 Ra5 41. c4 Re5 42. Kd4 Re6 43. Rg8 Rd6+ 44. Kc3 Rd1 45. Rg6+ Kd7 46. c5 Rc1+ 47. Kd4 Kc7 48. Kd5 Rd1+ 49. Kc4 Be3 50. Rg7+ Kc8 51. Rg8+ Kd7 52. Rg7+ Ke6 53. c6 Rc1+ 54. Kb5 Rc5+ 55. Kb6 Rc1+ 56. Kb7 Bf4 57. c7 Rxc7+ 58. Rxc7 Bxc7 59. Kxc7 g4 60. Kc6 g3 61. Kc5 g2 62. Kd4 g1=Q+ 63. Ke4 Qg5 0-1


[Site "https://www.chess.com"]

[Event "Titled Tuesday Blitz August 22 Early 2023"]
[White "Aggelis, Nikolaos"]
[Black "Ronka, Erik"]
[WhiteFideId "4213220"]
[BlackFideId "505080"]
[WhiteElo "2570"]
[BlackElo "2420"]
[Result "1-0"]
[Round "11"]
[TimeControl "180+1"]
[Date "2023.08.22"]
[WhiteClock "0:01:17"]
[BlackClock "0:00:03"]
[Board "87"]

1. c4 c6 2. g3 d5 3. cxd5 cxd5 4. Nf3 Nc6 5. Bg2 Nf6 6. O-O Bg4 7. d4 Bxf3 8. Bxf3 e6 9. Nc3 Be7 10. Rb1 O-O 11. a3 Rc8 12. Qd3 Na5 13. Bf4 Nc4 14. Rfc1 h6 15. a4 Bd6 16. b3 Bxf4 17. gxf4 Nd6 18. e3 Qa5 19. Ne2 Qb4 20. Ng3 Rxc1+ 21. Rxc1 Rc8 22. Rxc8+ Nxc8 23. f5 Nd6 24. fxe6 fxe6 25. Qc2 Qb6 26. Qc5 Nd7 27. Qc2 Kf7 28. Nh5 Nf6 29. Nf4 Nde4 30. Qc8 g5 31. Nd3 Qc6 32. Ne5+ 1-0


[Site "https://www.chess.com"]

[Event "Titled Tuesday Blitz August 22 Early 2023"]
[White "Ganiev, Roman"]
[Black "SergioMoralesG"]
[WhiteFideId "4131452"]
[WhiteElo "2558"]
[BlackElo "2420"]
[Result "1-0"]
[Round "11"]
[TimeControl "180+1"]
[Date "2023.08.22"]
[WhiteClock "0:00:07"]
[BlackClock "0:00:00"]
[Board "88"]

1. e4 c5 2. Nf3 e6 3. d4 cxd4 4. Nxd4 Nc6 5. Nc3 Qc7 6. Be3 a6 7. a3 b5 8. Nxc6 Qxc6 9. Bd3 Nf6 10. f3 d6 11. Qd2 Be7 12. O-O-O O-O 13. g4 Rb8 14. h4 a5 15. Ne2 b4 16. axb4 axb4 17. Nd4 Qa4 18. Nb3 Ba6 19. Bxa6 Qxa6 20. Qd3 Qa4 21. h5 Nd7 22. Bd4 e5 23. Be3 Nc5 24. Qd5 Rfc8 25. Kd2 Qa2 26. Nxc5 Qxd5+ 27. exd5 dxc5 28. Kd3 c4+ 29. Ke4 Bd6 30. Ra1 Ra8 31. g5 Kf8 32. Bf2 Ke7 33. Bg3 f6 34. gxf6+ gxf6 35. Kf5 Kf7 36. Bh4 Be7 37. Rhg1 b3 38. cxb3 cxb3 39. Rxa8 Rxa8 40. h6 Bf8 41. Bxf6 Ra5 42. Rd1 Bxh6 43. Bxe5 Bf8 44. f4 Rc5 45. Rd3 Rb5 46. Ke4 h5 47. Rh3 1-0


[Site "https://www.chess.com"]

[Event "Titled Tuesday Blitz August 22 Early 2023"]
[White "Carrasco Miranda, Andres"]
[Black "Al-Tarboush, Ward"]
[WhiteFideId "3405990"]
[BlackFideId "7601450"]
[WhiteElo "2416"]
[BlackElo "2536"]
[Result "0-1"]
[Round "11"]
[TimeControl "180+1"]
[Date "2023.08.22"]
[WhiteClock "0:00:00"]
[BlackClock "0:01:45"]
[Board "89"]

1. d4 d5 2. c4 c6 3. Nf3 Nf6 4. e3 e6 5. b3 Nbd7 6. Bd3 Bd6 7. Bb2 O-O 8. O-O Qe7 9. Ne5 Bxe5 10. dxe5 Ne4 11. Nd2 Nxd2 12. Qxd2 Nc5 13. Bc2 b6 14. Rfd1 dxc4 15. bxc4 Ba6 16. Qb4 Rad8 17. Rd4 Qg5 18. Rad1 Bb7 19. Rd6 Na6 20. Qc3 c5 21. e4 Nb4 22. Bb1 Nc6 23. Qd2 Qe7 24. f4 h6 25. Bc2 Ba8 26. Ba4 Nd4 27. Bxd4 cxd4 28. Qxd4 Rc8 29. f5 exf5 30. exf5 Qg5 31. Qf2 Rxc4 32. Bb3 Rf4 33. Qg3 Qxf5 34. Rd8 Rxd8 35. Rxd8+ Kh7 36. h3 Qxe5 37. Bc2+ f5 38. Kh2 Bxg2 39. Kxg2 Qe2+ 0-1


[Site "https://www.chess.com"]

[Event "Titled Tuesday Blitz August 22 Early 2023"]
[White "Biregina"]
[Black "Mihailidis, Anastasios"]
[BlackFideId "4205588"]
[WhiteElo "2412"]
[BlackElo "2530"]
[Result "0-1"]
[Round "11"]
[TimeControl "180+1"]
[Date "2023.08.22"]
[WhiteClock "0:00:01"]
[BlackClock "0:00:48"]
[Board "90"]

1. d4 d5 2. Nf3 Nf6 3. e3 e6 4. b3 Be7 5. Bb2 O-O 6. Ne5 c5 7. Nd2 Nbd7 8. f4 Ne8 9. Bd3 f6 10. Qh5 f5 11. O-O-O Nef6 12. Qh3 a6 13. Rhg1 g6 14. Ndf3 Ne4 15. Bxe4 dxe4 16. Nxd7 Bxd7 17. Ne5 Qe8 18. g4 cxd4 19. Bxd4 Bc6 20. gxf5 exf5 21. Qh6 Rf6 22. Nxc6 Qxc6 23. Bxf6 Bxf6 24. Rd4 Bxd4 25. exd4 Rc8 26. c4 Qd6 27. d5 b5 28. Kb1 bxc4 29. bxc4 Rxc4 30. Qh3 Rb4+ 31. Kc1 Qc5+ 32. Kd2 Rd4+ 33. Ke2 Qc2+ 34. Ke3 Rd3# 0-1


[Site "https://www.chess.com"]

[Event "Titled Tuesday Blitz August 22 Early 2023"]
[White "Lehtosaari, Mauri"]
[Black "Young_Catalan_Player09"]
[WhiteFideId "501999"]
[WhiteElo "2523"]
[BlackElo "2411"]
[Result "0-1"]
[Round "11"]
[TimeControl "180+1"]
[Date "2023.08.22"]
[WhiteClock "0:00:19"]
[BlackClock "0:01:08"]
[Board "91"]

1. d4 d5 2. Nf3 Nf6 3. Bg5 Ne4 4. Bf4 Bf5 5. e3 e6 6. h3 h6 7. Nbd2 Bd6 8. Bxd6 Qxd6 9. c3 Nd7 10. Qb3 Qb6 11. Be2 c6 12. O-O Ndf6 13. c4 Nxd2 14. Nxd2 Ne4 15. Nxe4 Bxe4 16. c5 Qxb3 17. axb3 a6 18. b4 Rc8 19. Rfe1 Ke7 20. Kh2 Bg6 21. Rg1 h5 22. Raf1 h4 23. Rd1 f6 24. Bg4 Bf7 25. Rge1 Rce8 26. Kg1 g5 27. Be2 Bg6 28. Ra1 Rc8 29. Red1 Rhe8 30. Kf1 Kf7 31. Bg4 f5 32. Be2 e5 33. dxe5 Rxe5 34. Rd4 Rce8 35. Rad1 f4 36. exf4 Rxe2 37. fxg5 R2e4 38. f3 Rxd4 39. Rxd4 Re5 40. Rxh4 Rxg5 41. Kf2 Re5 42. g4 Bd3 43. f4 Re2+ 44. Kg3 Rxb2 45. f5 Rxb4 46. Rh7+ Kf6 47. Rh6+ Kg7 48. Rd6 a5 49. h4 a4 50. Rd7+ Kf6 51. Rd6+ Kf7 52. Rd7+ Ke8 53. Rd6 a3 54. Re6+ Kf7 55. Re1 Rb1 56. Re3 a2 57. Rxd3 a1=Q 0-1


[Site "https://www.chess.com"]

[Event "Titled Tuesday Blitz August 22 Early 2023"]
[White "Balabayeva, Xeniya"]
[Black "Konenkin, Dmitry"]
[WhiteFideId "13719688"]
[BlackFideId "4185781"]
[WhiteElo "2521"]
[BlackElo "2393"]
[Result "1-0"]
[Round "11"]
[TimeControl "180+1"]
[Date "2023.08.22"]
[WhiteClock "0:00:02"]
[BlackClock "0:00:00"]
[Board "92"]

1. e4 d6 2. d4 Nf6 3. Nc3 e5 4. dxe5 dxe5 5. Qxd8+ Kxd8 6. Bg5 Be6 7. O-O-O+ Nd7 8. Nd5 Kc8 9. Nxf6 Nxf6 10. f3 Bc5 11. Ne2 Nd7 12. a3 f6 13. Bd2 c6 14. Ng3 a5 15. h4 h5 16. Nf5 g6 17. Ne3 b5 18. Be2 Kc7 19. g4 hxg4 20. fxg4 Rh7 21. h5 Rah8 22. Bxa5+ Nb6 23. Bd2 Bf7 24. Rhf1 Be7 25. Bb4 c5 26. Ba5 gxh5 27. gxh5 Kc6 28. Bxb6 Kxb6 29. Nd5+ Bxd5 30. Rxd5 Kc6 31. Rfd1 Rg8 32. c4 Rg2 33. cxb5+ Kb6 34. Bf3 Rg3 35. R1d3 1-0


[Site "https://www.chess.com"]